 Dungeon Crawl Stone Soup version 0.32-a0-18-g89e19f1974 (webtiles) character file.

Game seed: 16233832205707299567

104 zenocrate the Sneak (level 4, 0/21 HPs)
             Began as a Vine Stalker Enchanter on Jan 16, 2024.
             Was an Initiate of Gozag.
             Slain by an orc
             ... wielding a +0 whip
              (2 damage)
             ... on level 2 of the Dungeon.
             The game lasted 00:03:10 (2397 turns).

zenocrate the Sneak (Vine Stalker Enchanter)        Turns: 2397, Time: 00:03:11

Health: 0/21       AC:  8    Str: 10    XL:     4   Next: 80%
Magic:  0/8        EV: 12    Int: 15    God:    Gozag
Gold:   23         SH:  0    Dex: 17    Spells: 2/7 levels left

rFire   + . .        a - +1 dagger
rCold   . . .        (no shield)
rNeg    . . .        s - +3 leather armour of the Chimera {^Drain rElec rF+}
rPois   .            (no helmet)
rElec   +            k - +1 cloak
rCorr   .            (no gloves)
SInv    .            (no boots)
Will    .....        (no amulet)
Stlth   +++          (no ring)
HPRegen 1.03/turn    (no ring)
MPRegen 0.11/turn

%: guardian spirit
@: gold aura
A: fangs 2, regeneration 1, magic shield, antimagic bite, no potion heal 2
a: Renounce Religion, Potion Petition, Call Merchant, Bribe Branch


You were on level 2 of the Dungeon.
You worshipped Gozag.
Gozag was noncommittal.
You visited 1 branch of the dungeon, and saw 3 of its levels.

You collected 83 gold pieces.
You spent 42 gold pieces at shops.
You paid 18 gold pieces to Gozag.

Inventory:

Hand Weapons
 a - a +1 dagger (weapon)
 m - a +0 rapier
 r - the +7 hand axe "Newt's Death" {vamp, ^Drain Str+3 Dex+3 Stlth+}
   (You found it on level 2 of the Dungeon)

   Str+3:     It affects your strength (+3).
   Dex+3:     It affects your dexterity (+3).
   ^Drain:    It drains your maximum health when unequipped.
   Stlth+:    It makes you more stealthy.
Missiles
 e - 2 javelins
 g - 3 poisoned darts (quivered)
Armour
 k - a +1 cloak (worn)
 s - the +3 leather armour of the Chimera (worn) {^Drain rElec rF+}
   (You found it on level 2 of the Dungeon)

   rF+:       It protects you from fire.
   rElec:     It insulates you from electricity.
   ^Drain:    It drains your maximum health when unequipped.
Scrolls
 f - a scroll of torment {unknown}
 h - 2 scrolls of teleportation {unknown}
 i - a scroll of revelation {unknown}
 j - 2 scrolls of amnesia {unknown}
 o - a scroll of poison {unknown}
 p - a scroll of fear {unknown}
 q - 2 scrolls of enchant armour
Potions
 c - a potion of invisibility
 d - 2 potions of curing {unknown}
 l - a potion of brilliance {unknown}
 n - a potion of degeneration {unknown}


   Skills:
 + Level 0.0 Fighting
 + Level 1.8 Short Blades
 + Level 2.2 Dodging
 + Level 4.9 Stealth
 - Level 2.1 Spellcasting
 + Level 3.4 Hexes
 + Level 1.2 Ice Magic


You had 2 spell levels left.
You knew the following spells:

 Your Spells              Type           Power      Damage    Failure   Level
a - Ensorcelled Hibernat  Hex/Ice        16%        N/A       17%         2
b - Confusing Touch       Hex            12%        N/A       22%         3

Your spell library contained the following spells:

 Spells                   Type           Power      Damage    Failure   Level
 Tukima's Dance           Hex            12%        N/A       22%         3
 Dazzling Flash           Conj/Hex       12%        N/A       41%         3
 Summon Ice Beast         Ice/Summ       3%         N/A       56%         3
 Summon Mana Viper        Hex/Summ       6%         N/A       99%         5
 Monstrous Menagerie      Summ           0%         N/A       100%        7


Dungeon Overview and Level Annotations

Branches:
Dungeon (3/15)

Altars:
Gozag

Shops:
D:1 ?*(


Innate Abilities, Weirdness & Mutations

You have extremely sharp teeth.
Your natural rate of healing is unusually fast.
When hurt, damage is shared between your health and your magic reserves.
Your bite disrupts and absorbs the magic of your enemies.
Potions cannot restore your health.


Message History

Unknown command.
Unknown command.
Casting: Ensorcelled Hibernation (safe; 17% risk of failure)
Confirm with . or Enter, or press ? or * to list all spells.
Aiming: Ensorcelled Hibernation (safe; 17% risk of failure)
Press: ? - help, Shift-Dir - straight line, f/p - orc priest
Aim: an orc priest, wielding a +0 whip (heavily wounded, chance to affect: 41%)
The orc priest resists with some effort.
The orc priest mumbles some strange prayers to Beogh against you.
Pain shoots through your body!
* * * LOW HITPOINT WARNING * * *
The orc hits you but does no damage. x2
Unknown command.
You barely miss the orc priest. Your bite misses the orc priest.
The orc priest is heavily wounded.
The orc priest hits you with a +0 whip.
* * * LOW HITPOINT WARNING * * *
The orc barely misses you.
Unknown command.
Unknown command.
You hit the orc priest. You bite the orc priest. You drain its power.
You feel invigorated.
The orc priest is severely wounded.
The orc hits you but does no damage.
The orc priest miscasts a cantrip.
Your magical contamination has completely faded away.
Unknown command.
You hit the orc priest.
The orc priest is almost dead.
The orc closely misses you. x2
The orc priest invokes the aid of Beogh against you.
Beogh smites you!
* * * LOW HITPOINT WARNING * * *
Unknown command.
Unknown command.
You hit the orc priest.
You kill the orc priest!
The orc misses you. The orc hits you with a +0 whip.
You die...
Your body crumbles into a pile of gold.

....'.....+.......'.#
....#######.......#.#
.<#.# #.......#.#
..#.#######.......#.#
..#.##...##########[#
..#.##...# #.#
....##...# #.#
....##...##########.#
...............o@o#.#
..#.##....####.#.$#.#
#.#.#.....####....#.#
..#.#.##....##.#..#.#
..#.#.##....##....#.#
..#.#.##....##.####.#
..#.#.##....+.......#
..#.#.##....#.#######
..#.#.#####...#


You could see 2 orcs.

Vanquished Creatures
  An orc priest (D:2)
  An iguana (D:2)
  4 adders (D:2)
  3 dart slugs
  5 bats
  3 endoplasms
  A giant cockroach (D:1)
  4 goblins
  3 hobgoblins
  A kobold (D:1)
  2 quokkas
  4 ball pythons
  A frilled lizard (D:1)
  3 rats
36 creatures vanquished.

Notes
Turn   | Place    | Note
-------+----------+-------------------------------------------
     0 | D:1      | zenocrate the Vine Stalker Enchanter began the quest for
                  | the Orb.
     0 | D:1      | Reached XP level 1. HP: 9/9 MP: 4/4
    67 | D:1      | Reached skill level 1 in Short Blades
   206 | D:1      | Found Nomp's Antique Weapon Shop.
   214 | D:1      | Reached XP level 2. HP: 10/13 MP: 4/6
   217 | D:1      | Learned a level 2 spell: Ensorcelled Hibernation
   312 | D:1      | Found Husyty's Magic Scroll Emporium.
   369 | D:1      | Reached skill level 4 in Stealth
   570 | D:1      | Found Wyosseel's Assorted Antiques.
   701 | D:1      | Found a faded altar of an unknown god.
  1309 | D:2      | Reached XP level 3. HP: 16/16 MP: 7/7
  1313 | D:2      | Learned a level 3 spell: Confusing Touch
  1588 | D:2      | Reached XP level 4. HP: 21/21 MP: 5/8
  1673 | D:2      | Reached skill level 1 in Ice Magic
  1744 | D:1      | Bought a scroll labelled ZESTUL SUTTU for 21 gold pieces
  1744 | D:1      | Bought a scroll labelled SOCEDO YTREUP for 21 gold pieces
  1791 | D:2      | Identified the +7 hand axe "Newt's Death" {vamp, ^Drain
                  | Str+3 Dex+3 Stlth+}
  1839 | D:2      | Identified the +3 leather armour of the Chimera {^Drain
                  | rElec rF+}
  1876 | D:2      | Found an opulent altar of Gozag.
  2225 | D:2      | Became a worshipper of Gozag Ym Sagoz the Greedy
  2389 | D:2      | HP: 1/21 [orc priest/divine providence (10)]
  2396 | D:2      | HP: 1/21 [orc priest/divine providence (4)]
  2397 | D:2      | Slain by an orc

Illustrated notes

Levels and vault maps discovered:
D:1:      evilmike_arrival_rings, layout_basic, serial_shops,
          nicolae_shop_rolling_square, shop, nicolae_shop_just_a_little_nook,
          ebering_ecumenical_altar_petrified
D:2:      layout_basic, basic_altar
D:3:      layout_rooms

Skill      XL: |  1  2  3  4 |
---------------+-------------+-----
Short Blades   | 1 |  1.8
Stealth        | 4 |  4.9
Dodging        | 2 |  2.2
Ice Magic      | 1 |  1.2
Spellcasting   | |  2.1
Hexes          | |  3.4

Action                     |  1- 3 |  4- 6 || total
---------------------------+-------+-------++-------
  Melee: Dagger            |    62 |    38 ||   100
         Bite              |    14 |    10 ||    24
         Punch             |       |     1 ||     1
   Cast: Ensorcelled Hiber |     7 |     5 ||    12
    Use: Scroll            |       |     1 ||     1
         Potion            |       |     1 ||     1
   Stab: Sleeping          |    13 |     3 ||    16
         Invisible         |       |     1 ||     1
 Armour: Robe              |    24 |    12 ||    36
         Leather armour    |       |    15 ||    15
  Dodge: Dodged            |    43 |    34 ||    77

Table legend: (Time is in decaauts)
 A = Elapsed time spent in this place.
 B = Non-inter-level travel time spent in this place.
 C = Inter-level travel time spent in this place.
 D = Time resting spent in this place.
 E = Time spent auto-exploring this place.
 F = Levels seen in this place.
 G = Mean time per level.
                   A        B        C        D        E       F      G
               +--------+--------+--------+--------+--------+-----+--------+
         Total |   2392 |   2057 |    335 |      0 |   1701 |   3 |  797.3 |
       Dungeon |   2392 |   2057 |    335 |      0 |   1701 |   3 |  797.3 |
               +--------+--------+--------+--------+--------+-----+--------+

Top non-repeatable levels by time:
     D:1: 1313 daAuts
     D:2: 1066 daAuts
     D:3: 12 daAuts
